 Dungeon Crawl Stone Soup version 0.17-a0-1923-gc35365e (webtiles) character file.

336 derrpe the Slicer (level 6, 0/55 HPs)
             Began as a Kobold Berserker on Sept 28, 2015.
             Was a Believer of Trog.
             Slain by Menkaure (19 damage)
             ... on level 4 of the Dungeon.
             The game lasted 00:03:49 (3068 turns).

derrpe the Slicer (Kobold Berserker)                Turns: 3068, Time: 00:03:50

Health: 0/55       AC:  9    Str: 22    XL:     6   Next: 84%
Magic:  15/15      EV: 10    Int:  5    God:    Trog [**....]
Gold:   109        SH:  5    Dex: 16    Spells: 0 memorised, 5 levels left

rFire  . . .     SeeInvis .     a - +0 short sword
rCold  + . .     Clarity  .     i - +0 chain mail
rNeg   . . .     SustAt   .     d - +0 buckler
rPois  .         Gourm    .     (no helmet)
rElec  .         Spirit   .     l - +0 cloak
rCorr  .         Warding  .     (no gloves)
rMut   .         Stasis   .     (no boots)
MR     ++...                    (no amulet)
Stlth  ..........               h - ring of protection from cold
                                f - ring of magical power

@: berserking, regenerating, drained, very quick, very resistant to hostile
enchantments, extremely unstealthy
A: carnivore 3
a: Burn Spellbooks, Berserk, Trog's Hand, Renounce Religion


You were on level 4 of the Dungeon.
You worshipped Trog.
Trog was pleased with you.
You were very full.

You visited 1 branch of the dungeon, and saw 4 of its levels.

You collected 109 gold pieces.

Inventory:

Hand weapons
 a - a +0 short sword (weapon)
Armour
 d - a +0 buckler (worn)
 i - a +0 chain mail (worn)
 k - a +0 plate armour
 l - a +0 cloak (worn)
Jewellery
 f - a ring of magical power (left hand)
 h - a ring of protection from cold (right hand)
Magical devices
 m - a wand of random effects (31)
Scrolls
 b - 4 scrolls of identify
 e - 2 scrolls of teleportation
 g - a scroll of blinking
 p - a scroll of enchant armour {unknown}
 r - a scroll of immolation {unknown}
 s - a scroll of recharging {unknown}
Potions
 j - a potion of haste {unknown}
 n - a potion of lignification {unknown}
 o - a potion of curing {unknown}
 q - a potion of poison {unknown}
Comestibles
 c - 2 meat rations {@e2}


   Skills:
 - Level 3.2 Fighting
 * Level 8.1(8.0) Short Blades
 - Level 1.5(1.4) Armour
 - Level 2.4(2.3) Dodging
 + Level 2.6 Shields


You had 5 spell levels left.
You didn't know any spells.

Dungeon Overview and Level Annotations

Branches:
Dungeon (4/15)
 Temple: D:4-7

Altars:

Annotations:
D:4 Menkaure


Innate Abilities, Weirdness & Mutations

You are small and have problems with some larger weapons.
You are carnivorous and can eat meat at any time.


Message History

You are too injured to fight recklessly!
You are too injured to fight recklessly!
You puncture the jackal!
You kill the jackal!
Trog accepts your kill. The jackal barely misses you.
You hit the jackal.
The jackal is severely wounded.
You hit Menkaure but do no damage.
The jackal bites you but does no damage.
You block Menkaure's attack.
You puncture Menkaure!
Menkaure is heavily damaged.
You feel the effects of Trog's Hand fading.
You hit Menkaure.
Menkaure is heavily damaged.
The jackal barely misses you.
Menkaure shouts, "You disturbed my rest!
Die!"
Menkaure hits you!!
You die...

.........#
#..############
.........# #..#
.........# ##>#
.........# .#
.........#####.###
..................
.................#
................#
#......[.@h.....#
#.......†M†.....#
#...............#
###########.....#
.....# .....#
.....# .....


You could see Menkaure and a jackal.

Vanquished Creatures
  The ghost of graki42 the Conjurer, an average DECj of Vehumet (D:4)
  An orc priest (D:4)
  An orc wizard (D:4)
  An iguana (D:4)
  A hound skeleton (D:4)
  3 adders
  An ooze (D:1)
  3 worms
  2 orcs
  8 hobgoblins
  A ball python (D:1)
  7 bats
  2 giant cockroaches
  A giant gecko (D:2)
  2 giant newts
  4 goblins
  3 jackals (D:4)
  4 kobolds
  5 rats
51 creatures vanquished.

Notes
Turn   | Place    | Note
--------------------------------------------------------------
     0 | D:1      | derrpe the Kobold Berserker began the quest for the Orb.
     0 | D:1      | Reached XP level 1. HP: 14/14 MP: 1/1
   477 | D:1      | Reached XP level 2. HP: 16/19 MP: 2/2
  1129 | D:2      | Reached skill level 5 in Short Blades
  1129 | D:2      | Reached XP level 3. HP: 15/23 MP: 3/3
  1376 | D:2      | Reached skill level 1 in Shields
  1578 | D:2      | Found a faded altar to an unknown god.
  2115 | D:3      | Reached XP level 4. HP: 23/28 MP: 4/4
  2161 | D:3      | Acquired Trog's second power
  2607 | D:3      | Reached skill level 6 in Short Blades
  2700 | D:4      | Reached XP level 5. HP: 32/32 MP: 5/5
  2934 | D:4      | Noticed graki42's ghost (average DECj)
  2948 | D:4      | Killed graki42's ghost
  2948 | D:4      | Reached skill level 8 in Short Blades
  2948 | D:4      | Reached XP level 6. HP: 37/37 MP: 6/6
  3052 | D:4      | Noticed Menkaure
  3068 | D:4      | Slain by Menkaure

Vault maps used:
D:1:      elethiomel_arrival_infinity_welcomes_careful_drivers
D:2:      ecumenical_altar_2, hangedman_decor_peaks_small, dk_noncrumbling_3,
          nrook_mini_vaults, eino_curves_01, hex_tiny
D:3:      feat_on_display
D:4:      serial_shops, kennysheep_mini, first_bread, fedhas_altar_2,
          uniq_menkaure, uniq_sigmund

Action                   |  1- 3 |  4- 6 || total
-------------------------+-------+-------++-------
Melee: Short sword       |   176 |    79 ||   255
Invok: Berserk           |       |     3 ||     3
       Trog's Hand       |       |     2 ||     2
  Use: Scroll            |     4 |     1 ||     5
  Eat: Chunk             |    12 |     4 ||    16
